 Dungeon Crawl Stone Soup version 0.30.1-11-g7821555f0a (webtiles) character file.

Game seed: 4333993902876600613

119385 PlayingRandomsOnly the Convoker (level 17, -1/103 HPs)
             Began as a Kobold Summoner on Dec 21, 2023.
             Was a High Priest of Zin.
             Slain by a pharaoh ant (37 damage)
             ... on level 2 of the Spider Nest on Dec 23, 2023.
             The game lasted 06:31:32 (30639 turns).

PlayingRandomsOnly the Convoker (Kobold Summoner)  Turns: 30639, Time: 06:31:32

Health: -1/103     AC: 10    Str: 12    XL:     17   Next: 34%
Magic:  3/30       EV: 30    Int: 29    God:    Zin [*****.]
Gold:   270        SH:  0    Dex: 22    Spells: 7/34 levels left

rFire   . . .        a - +8 scimitar (flame)
rCold   + . .        (no shield)
rNeg    + . .        E - +1 robe {Will+}
rPois   ∞            G - +0 helmet {SInv}
rElec   .            z - +2 cloak {rCorr}
rCorr   +            I - +2 pair of gloves of the Lute {rPois Str+2 Int+3}
SInv    +            (no boots)
Will    ++...        M - amulet of Bephurr {Contam rN+ Regen+ rCorr Dex+4}
Stlth   ++++++       g - +5 ring of evasion
HPRegen 1.17/turn    B - ring of protection from cold
MPRegen 0.22/turn

%: no passive effects
@: vitalised, on recite cooldown
A: small, no large weapons, nightstalker 3
a: Renounce Religion, Recite, Vitalisation, Imprison, Sanctuary, Donate Gold


You were on level 2 of the Spider Nest.
You worshipped Zin.
Zin was extremely pleased with you.
You visited 5 branches of the dungeon, and saw 25 of its levels.
You also visited: Gauntlet and Ice Cave.

You collected 4707 gold pieces.
You spent 2436 gold pieces at shops.
You donated 2001 gold pieces to Zin.

Inventory:

Hand Weapons
 a - a +8 scimitar of flaming (weapon)
 Y - the +6 falchion of Cowardice {flame, *Rage rPois rF++ rCorr}
   (You found it on level 5 of the Dungeon)

   rF:        It greatly protects you from fire.
   rPois:     It protects you from poison.
   *Rage:     It berserks you when you make melee attacks (+20% chance).
   rCorr:     It protects you from acid and corrosion.
Missiles
 b - a throwing net
 k - 66 poisoned darts
 F - 11 curare-tipped darts
 T - 5 boomerangs of dispersal
Armour
 l - the +0 ice dragon scales "Nanoib" {Rampage rElec rF- rC++ Dex+3}
   (You found it in an ice cave)

   Dex:       It affects your dexterity (+3).
   rF:        It makes you vulnerable to fire.
   rC:        It greatly protects you from cold.
   rElec:     It insulates you from electricity.
   Rampage:   It bestows one free step when moving towards enemies.
 z - a +2 cloak of preservation (worn)
 E - a +1 robe of willpower (worn)
 G - a +0 helmet of see invisible (worn)
 I - the +2 pair of gloves of the Lute (worn) {rPois Str+2 Int+3}
   (You found it on level 8 of the Dungeon)

   Str:       It affects your strength (+2).
   Int:       It affects your intelligence (+3).
   rPois:     It protects you from poison.
Jewellery
 g - a +5 ring of evasion (left hand)
 j - a ring of poison resistance
 B - a ring of protection from cold (right hand)
 M - the amulet of Bephurr (around neck) {Contam rN+ Regen+ rCorr Dex+4}
   (You found it in a Gauntlet)

   [amulet of regeneration]

   Dex:       It affects your dexterity (+4).
   rN:        It protects you from negative energy.
   Contam:    It causes magical contamination when unequipped.
   Regen:     It increases your rate of health regeneration.
   rCorr:     It protects you from acid and corrosion.
 U - an amulet of magic regeneration
 V - a ring of flight
 Z - the amulet "Acwiv" {rC- Will+ Regen+ Slay+5}
   (You found it in an ice cave)

   [amulet of regeneration]

   Slay:      It affects your accuracy & damage with ranged weapons and melee
   (+5).
   rC:        It makes you vulnerable to cold.
   Regen:     It increases your rate of health regeneration.
   Will:      It increases your willpower.
Wands
 f - a wand of flame (29)
 C - a wand of quicksilver (16)
 D - a wand of paralysis (12)
 O - a wand of mindburst (2)
 X - a wand of iceblast (1)
Scrolls
 d - 11 scrolls of teleportation
 e - 4 scrolls of magic mapping
 i - 2 scrolls of vulnerability
 m - 3 scrolls of brand weapon
 t - a scroll of enchant weapon
 u - 2 scrolls of poison
 w - 2 scrolls of summoning
 x - 4 scrolls of fear
 y - 4 scrolls of enchant armour
 A - 3 scrolls of immolation
 H - 2 scrolls of fog
 K - a scroll of blinking
 L - 4 scrolls of amnesia
 N - 4 scrolls of noise
Potions
 c - 5 potions of magic
 h - 4 potions of flight
 n - 14 potions of curing
 o - 4 potions of attraction
 p - 2 potions of mutation
 q - 3 potions of might
 r - 3 potions of cancellation
 s - 4 potions of brilliance
 v - 5 potions of haste
 J - 4 potions of ambrosia
 P - 2 potions of berserk rage
 Q - 2 potions of resistance
 W - a potion of heal wounds
Miscellaneous
 S - a phial of floods


   Skills:
 + Level 10.3 Fighting
 - Level 7.7(12.0) Short Blades
 - Level 9.4(10.0) Long Blades
 + Level 12.7 Dodging
 - Level 12.0 Stealth
 - Level 9.0 Spellcasting
 - Level 5.0 Hexes
 - Level 15.0 Summonings
 - Level 5.0 Air Magic
 + Level 10.8 Invocations
 - Level 10.0 Evocations


You had 7 spell levels left.
You knew the following spells:

 Your Spells              Type           Power      Damage    Failure   Level
a - Summon Small Mammal   Summ           100%       N/A       0%          1
c - Call Canine Familiar  Summ           79%        N/A       1%          3
d - Summon Guardian Gole  Hex/Summ       63%        N/A       1%          3
e - Summon Lightning Spi  Summ/Air       63%        N/A       1%          4
f - Monstrous Menagerie   Summ           39%        N/A       8%          7
g - Summon Mana Viper     Hex/Summ       63%        N/A       1%          5
h - Summon Ice Beast      Ice/Summ       54%        N/A       1%          4

Your spell library contained the following spells:

 Spells                   Type           Power      Damage    Failure   Level
 Call Imp                 Summ           100%       N/A       0%          2
 Shock                    Conj/Air       100%       1d9       1%          1
 Slow                     Hex            100%       N/A       1%          1
 Confusing Touch          Hex            42%        N/A       1%          3
 Animate Armour           Summ/Erth      100%       N/A       1%          4
 Apportation              Tloc           26%        N/A       4%          1
 Freeze                   Ice            52%        1d6       4%          1
 Magic Dart               Conj           52%        1d5       4%          1
 Inner Flame              Hex/Fire       27%        N/A       4%          3
 Portal Projectile        Hex/Tloc       54%        N/A       4%          3
 Mephitic Cloud           Conj/Pois/Air  22%        N/A       6%          3
 Frozen Ramparts          Ice            26%        1d4       12%         3
 Hailstorm                Conj/Ice       13%        3d5       12%         3
 Vampiric Draining        Necr           13%        2d6       12%         3
 Leda's Liquefaction      Hex/Erth       13%        N/A       14%         4
 Dispel Undead            Necr           13%        3d9       38%         4
 Flame Wave               Conj/Fire      13%        2d6       38%         4
 Sticky Flame             Conj/Fire      13%        2d4       38%         4
 Alistair's Intoxication  Tmut/Pois      8%         N/A       75%         5
 Blade Hands              Tmut           6%         N/A       75%         5
 Conjure Ball Lightning   Conj/Air       13%        3x3d6     92%         6
 Iron Shot                Conj/Erth      6%         9d2       99%         6
 Discord                  Hex            21%        N/A       100%        8
 Disjunction              Tloc           6%         N/A       100%        8
 Fire Storm               Conj/Fire      6%         8d2       100%        9


Dungeon Overview and Level Annotations

Branches:
Dungeon (15/15)            Temple (1/1) D:6            Lair (5/5) D:8
 Shoals (0/4) Lair:3       Spider (2/4) Lair:3        Slime (0/5) Lair:4
    Orc (2/2) D:12            Elf (0/3) Orc:2        Vaults (0/5) D:13
 Depths (0/4) D:15          IceCv (visited)         Gauntlet (visited)

Altars:
Ashenzari
Cheibriados
Dithmenos
Elyvilon
Fedhas
Gozag
Hepliaklqana
Kikubaaqudgha
Makhleb
Nemelex Xobeh
Okawaru
Qazlal
Ru
Sif Muna
Trog
Uskayaw
Vehumet
Wu Jian
Xom
Yredelemnul
Zin
The Shining One
Jiyva

Shops:
D:6 !   D:7 *(:   Orc:1 :   Orc:2 [[:?

Portals:
Abyss: D:3

Annotations:
D:14 3 runed translucent doors, 12user21's ghost, journeyman HOFi; ababab's ghost, journeyman FeEn


Innate Abilities, Weirdness & Mutations

You are small and have problems with some larger weapons.
You are completely attuned to the shadows.


Message History

Your lightning spire shoots out a bolt of lightning at the jumping spider!
The bolt of electricity hits the culicivora!!
The bolt of electricity hits the jumping spider!
The jumping spider leaps!
Unknown command.
Casting: Summon Lightning Spire (mildly dangerous; 1% risk of failure)
Confirm with . or Enter, or press ? or * to list all spells.
A chill wind blows around you.
The jumping spider is engulfed in poison gas.
The jumping spider is poisoned.
The jumping spider leaps!
The entropy weaver is engulfed in poison gas.
The entropy weaver is poisoned.
The jumping spider is engulfed in poison gas.
The jumping spider looks even sicker.
The pharaoh ant completely misses you.
Press: ? - help, v - describe, . - travel
Here: a pharaoh ant (poison gas)
The floor.
You slash the pharaoh ant! You burn the pharaoh ant!
The pharaoh ant is severely damaged.
The jumping spider leaps!
The entropy weaver is engulfed in poison gas.
The entropy weaver looks even sicker.
You kill the entropy weaver!
The jumping spider is engulfed in poison gas.
The jumping spider looks even sicker.
The pharaoh ant bites you!!
The jumping spider is engulfed in poison gas.
The jumping spider is poisoned.
You kill the jumping spider!
Press: ? - help, v - describe, . - travel
Here: a redback (moderately wounded)
The floor.
You completely miss the pharaoh ant.
The pharaoh ant is severely damaged.
The redback completely misses you.
The jumping spider is engulfed in poison gas.
The jumping spider looks as sick as possible!
Your ice beast hits the jumping spider but does no damage.
The redback is healed somewhat.
The redback bites your lightning spire. The pharaoh ant bites you!!!
You die...

... ###...§
.≈§... #~#.§§
§###§
#<..§§##§§§.§
#B...§~§§§#§§
......#B†§§§§
~....s.#8@Y§§§
.###^...#sss§§§
#≈#^.s..§§§§
..§§.§§§§##
....§§§§§§§.
.^.#.....#..
........#


You could see a culicivora (distracted, corona), a pharaoh ant (ally target), a
jumping spider (distracted, extremely poisoned, ally target), 2 redbacks, a
friendly ice beast (summoned) and a friendly lightning spire (summoned).

Vanquished Creatures
  Josephine (D:11)
  2 entropy weavers
  A fire dragon (Lair:2)
  A ghost crab (Spider:1)
  A catoblepas (Lair:5)
  A hydra (Lair:5)
  The ghost of MrIGI the Grappler, a novice TrFi of Wu Jian (Lair:1)
  The ghost of bimbombam the Severer, a novice MiFi of Okawaru (D:7)
  3 two-headed ogres
  3 centaur warriors
  4 boulder beetles
  2 tengu warriors
  6 death yaks
  2 orc high priests
  A skeletal warrior (D:15)
  2 wizards
  Pikel (D:5)
  3 orc knights
  A deep elf zephyrmancer (D:15)
  3 deep elf pyromancers
  7 ugly things
  2 manticores (Lair:5)
  An orc sorcerer (Orc:2)
  A wolf spider (Spider:2)
  7 cyclopes
  A centaur zombie (D:15)
  4 elephants
  A moth of wrath (Spider:1)
  4 slime creatures
  2 cane toads (shapeshifter) (D:14)
  A demonic crawler (Spider:1)
  2 ice statues (IceCv)
  A gargoyle (D:10)
  3 kobold demonologists
  17 cane toads
  2 rime drakes (Lair:5)
  6 komodo dragons
  2 unseen horrors (D:10)
  3 trolls
  2 meliai (shapeshifter)
  A tarantella (Spider:1)
  3 merfolk (Lair:3)
  2 wolf spider simulacra
  2 polar bears
  3 tyrant leeches (Spider:1)
  A wind drake (shapeshifter) (D:14)
  6 saltlings (Orc:2)
  2 blink frogs (Lair:1)
  2 raiju (Gauntlet)
  Sigmund (D:6)
  A spriggan (shapeshifter) (D:15)
  5 jumping spiders
  2 wraiths (D:11)
  33 yaks
  A shadow (D:10)
  3 basilisks
  2 humans (D:11)
  4 wyverns
  A steam dragon (Gauntlet)
  10 redbacks (Spider:1)
  3 vampire mosquitoes (Spider:1)
  15 water moccasins
  2 acid dragons
  13 orc warriors
  A sky beast (D:7)
  2 ice beasts (D:6)
  A black bear (shapeshifter) (D:13)
  7 ogres
  A great orb of eyes simulacrum (IceCv)
  10 wolves
  A boggart (D:15)
  4 centaurs
  A lemure (D:5)
  A slime creature simulacrum (IceCv)
  6 kobold brigands
  2 small abominations (D:3)
  Blork the orc (D:5)
  16 bullfrogs
  A gnoll sergeant (D:12)
  4 scorpions
  2 glowing shapeshifter simulacra (IceCv)
  A hornet simulacrum (D:14)
  11 killer bees
  The ghost of ozzols the Chopper, a weakling MiBe of Trog (D:3)
  A howler monkey (D:8)
  2 electric eels
  3 hounds
  15 orc priests
  7 jellies
  Crazy Yiuf (D:5)
  4 iguanas
  8 orc wizards
  3 shapeshifter simulacra (IceCv)
  4 adders
  4 gnolls
  A shadow imp (D:6)
  An ufetubus (D:5)
  2 worms
  4 dart slugs
  45 orcs
  3 ball pythons
  4 endoplasms
  3 giant cockroaches
  A goblin (D:4)
  5 hobgoblins
  3 jackals (D:5)
  8 quokkas
  3 bats
  4 frilled lizards
  21 kobolds
  6 rats
467 creatures vanquished.

Vanquished Creatures (collateral kills)
  An orc warlord (Orc:2)
  A minotaur (Gauntlet)
  2 entropy weavers
  A hydra (D:14)
  2 catoblepae (Lair:5)
  Erica (D:8)
  5 two-headed ogres
  3 tengu warriors
  4 death yaks (Lair:5)
  3 skeletal warriors (D:15)
  A steelbarb worm (Spider:1)
  2 wizards
  3 orc knights (Orc:2)
  2 orc sorcerers (Orc:2)
  2 deep elf pyromancers
  A necromancer (D:15)
  A wolf spider (Spider:2)
  An ugly thing (D:15)
  The ghost of Moodymarshmallow the Grappler, a novice TrMo (D:4)
  A cyclops (Orc:2)
  A moth of wrath (Spider:1)
  4 elephants
  7 slime creatures
  2 black mambas (Lair:5)
  An ice statue (IceCv)
  A centaur skeleton (D:15)
  A cane toad (Lair:5)
  2 kobold demonologists
  2 rime drakes (Lair:5)
  2 komodo dragons
  An efreet (D:15)
  2 polar bears (Lair:5)
  A tyrant leech (Spider:1)
  5 trolls
  2 saltlings (Orc:2)
  2 tarantellas
  5 jumping spiders
  A culicivora (Spider:2)
  3 wraiths
  2 wyverns
  Grum (D:8)
  33 yaks
  6 redbacks (Spider:1)
  A chaos spawn (Gauntlet)
  A neqoxec (Gauntlet)
  2 vampire mosquitoes (Spider:1)
  2 steam dragons (Gauntlet)
  2 water moccasins
  12 orc warriors
  An ice beast (D:7)
  2 boggarts (D:15)
  2 great orb of eyes simulacra (IceCv)
  4 ogres
  12 wolves
  A centaur (D:10)
  A slime creature simulacrum (IceCv)
  5 kobold brigands
  3 bullfrogs
  3 gnoll sergeants (D:12)
  2 glowing shapeshifter simulacra (IceCv)
  8 killer bees (D:9)
  3 howler monkeys
  A jelly (D:7)
  5 orc priests
  2 iguanas (D:13)
  11 orc wizards
  A sleepcap (D:4)
  3 shapeshifter simulacra (IceCv)
  6 gnolls
  An adder (D:3)
  A shadow imp (D:7)
  A white imp (D:8)
  An ufetubus (D:6)
  2 worms (D:4)
  27 orcs
  A ball python (D:3)
  2 endoplasms (D:1)
  A giant cockroach (D:2)
  2 goblins
  A quokka (D:2)
  3 frilled lizards (D:13)
  8 kobolds
  2 rats (D:1)
274 creatures vanquished.

Vanquished Creatures (others)
  A quicksilver ooze (IceCv)
  A fire dragon (D:13)
  A catoblepas (Lair:3)
  3 death yaks (Lair:5)
  A skyshark (Lair:5)
  A pharaoh ant (Spider:2)
  A skeletal warrior (D:15)
  A lindwurm (Lair:4)
  A moth of wrath (Gauntlet)
  A slime creature (D:15)
  A black mamba (Lair:1)
  4 tarantellas (Spider:1)
  2 blink frogs (Lair:1)
  A jumping spider (Spider:1)
  3 yaks (Lair:3)
  A chaos spawn (Gauntlet)
  A steam dragon (Gauntlet)
  3 redbacks
  An orc warrior (Orc:1)
  2 ogres (Orc:1)
  2 wolves (Gauntlet)
  A jelly (Lair:4)
  An orc (Orc:1)
35 creatures vanquished.

Grand Total: 776 creatures vanquished

Notes
Turn   | Place    | Note
-------+----------+-------------------------------------------
     0 | D:1      | PlayingRandomsOnly the Kobold Summoner began the quest for
                  | the Orb.
     0 | D:1      | Reached XP level 1. HP: 10/10 MP: 3/3
   337 | D:1      | Reached XP level 2. HP: 15/16 MP: 5/5
   546 | D:1      | Reached skill level 1 in Fighting
   546 | D:1      | Reached skill level 1 in Short Blades
   608 | D:1      | Reached XP level 3. HP: 20/20 MP: 6/6
   969 | D:1      | Learned a level 2 spell: Call Imp
  1306 | D:2      | Reached XP level 4. HP: 25/25 MP: 7/7
  1399 | D:2      | Found a faded altar of an unknown god.
  1808 | D:3      | Noticed a kobold brigand
  1836 | D:3      | Found a shimmering altar of Xom.
  1852 | D:3      | Reached XP level 5. HP: 27/30 MP: 4/8
  1852 | D:3      | Found a white marble altar of Elyvilon.
  1858 | D:3      | Became a worshipper of Elyvilon the Healer
  1879 | D:3      | Learned a level 3 spell: Call Canine Familiar
  2275 | D:3      | Found a hide-covered altar of Uskayaw.
  2278 | D:3      | Found a faded altar of an unknown god.
  2279 | D:3      | Found a sacrificial altar of Ru.
  2280 | D:3      | Found a faded altar of an unknown god.
  2291 | D:3      | Found an opulent altar of Gozag.
  2379 | D:3      | Noticed a small abomination
  2396 | D:3      | Noticed a small abomination
  2399 | D:3      | Found a transporter.
  2448 | D:3      | Found a transporter.
  2455 | D:3      | Noticed ozzols's ghost (weakling MiBe)
  2872 | D:4      | Found a transporter.
  2873 | D:4      | Found a transporter.
  2886 | D:4      | Noticed Moodymarshmallow's ghost (novice TrMo)
  2916 | D:4      | Reached XP level 6. HP: 17/35 MP: 4/9
  3058 | D:4      | Found a radiant altar of Vehumet.
  3110 | D:4      | Found a burning altar of Makhleb.
  3112 | D:4      | Found a glowing silver altar of Zin.
  3112 | D:4      | Noticed a blizzard demon
  3114 | D:4      | Noticed an angel
  3229 | D:4      | Noticed an ogre
  3232 | D:4      | Reached skill level 5 in Summonings
  3300 | D:4      | Killed an ogre
  3301 | D:4      | Reached skill level 5 in Stealth
  3372 | D:4      | Learned a level 3 spell: Summon Guardian Golem
  3564 | D:4      | Reached XP level 7. HP: 34/40 MP: 7/10
  3654 | D:4      | Reached * piety under Elyvilon
  3697 | D:4      | Reached skill level 6 in Summonings
  3702 | D:4      | Noticed a moth of wrath
  3705 | D:4      | Found a bloodstained altar of Trog.
  3839 | D:5      | Entered Level 5 of the Dungeon
  3875 | D:5      | Identified the +6 falchion of Cowardice {flame, *Rage rPois
                  | rF++ rCorr}
  3946 | D:5      | Noticed Blork the orc
  3952 | D:5      | Killed Blork the orc
  4208 | D:5      | Noticed Pikel
  4219 | D:5      | Killed Pikel
  4220 | D:5      | Reached skill level 8 in Summonings
  4220 | D:5      | Reached XP level 8. HP: 44/44 MP: 11/11
  4310 | D:5      | Reached skill level 5 in Dodging
  4581 | D:5      | Found a runed translucent door.
  4582 | D:5      | Noticed Crazy Yiuf
  4603 | D:5      | Killed Crazy Yiuf
  4935 | D:5      | Reached skill level 1 in Invocations
  5191 | D:6      | Reached skill level 1 in Hexes
  5271 | D:6      | Found a shimmering blue altar of Sif Muna.
  5381 | D:6      | Reached XP level 9. HP: 50/50 MP: 12/14
  5439 | D:6      | Learned a level 4 spell: Summon Lightning Spire
  5445 | D:6      | Reached ** piety under Elyvilon
  5447 | D:6      | Noticed Sigmund
  5453 | D:6      | Killed Sigmund
  5616 | D:6      | Reached skill level 1 in Air Magic
  5838 | D:6      | Identified the +1 short sword of Wihakaj {flame, rF+
                  | Stlth+}
  5844 | D:6      | Found a staircase to the Ecumenical Temple.
  5857 | Temple   | Entered the Ecumenical Temple
  6400 | D:6      | Found Plog's Distillery.
  6405 | D:6      | Bought a potion of haste for 120 gold pieces
  6405 | D:6      | Bought a potion of heal wounds for 60 gold pieces
  6530 | D:6      | Reached skill level 5 in Fighting
  6533 | D:6      | Reached XP level 10. HP: 59/59 MP: 14/16
  6536 | D:6      | Reached skill level 9 in Summonings
  6763 | D:7      | Noticed bimbombam's ghost (novice MiFi)
  6768 | D:7      | Found a runed translucent door.
  6832 | D:7      | Reached skill level 5 in Invocations
  6847 | D:7      | Found Bywkag's Assorted Antiques.
  6853 | D:7      | Bought a scroll of identify for 64 gold pieces
  6963 | D:7      | Found Hibbi's Antique Weapon Shoppe.
  7331 | D:7      | Identified the +1 robe of the Imp {Dex+3}
  7440 | D:7      | Found Cifaginu's Book Shoppe.
  7535 | D:7      | Killed bimbombam's ghost
  7536 | D:7      | Reached skill level 5 in Short Blades
  7957 | D:4      | Killed Moodymarshmallow's ghost
  8104 | D:8      | Identified the +2 pair of gloves of the Lute {rPois Str+2
                  | Int+3}
  8154 | D:8      | Reached skill level 10 in Summonings
  8216 | D:8      | Noticed Erica
  8218 | D:8      | Noticed Grum
  8225 | D:8      | Killed Grum
  8228 | D:8      | Killed Erica
  8229 | D:8      | Reached XP level 11. HP: 45/64 MP: 7/17
  8271 | D:8      | Reached *** piety under Elyvilon
  8346 | D:8      | Found a staircase to the Lair.
  8956 | D:9      | Reached skill level 1 in Long Blades
  9202 | D:10     | Entered Level 10 of the Dungeon
  9221 | D:9      | Reached skill level 5 in Spellcasting
  9855 | D:11     | Noticed Josephine
  9864 | D:11     | Killed Josephine
  9895 | D:11     | Noticed a white ugly thing
  9923 | D:11     | Noticed a two-headed ogre
  9928 | D:11     | Killed a two-headed ogre
  9929 | D:11     | Reached XP level 12. HP: 66/73 MP: 12/21
  9944 | D:11     | Found an iron altar of Okawaru.
  9997 | D:11     | Found a gate leading to a gauntlet.
 10074 | Gauntlet | Entered a Gauntlet
 10078 | Gauntlet | Found a transporter.
 10089 | Gauntlet | Noticed a green death
 10099 | Gauntlet | Reached **** piety under Elyvilon
 10114 | Gauntlet | Found a transporter.
 10121 | Gauntlet | Noticed a hell hog
 10189 | Gauntlet | Found a transporter.
 10214 | Gauntlet | Found a transporter.
 10239 | Gauntlet | Found a transporter.
 10253 | Gauntlet | Found a transporter.
 10291 | Gauntlet | Found a transporter.
 10381 | Gauntlet | Identified the amulet of Bephurr {Contam rN+ Regen+ rCorr
                  | Dex+4}
 10394 | Gauntlet | Found a transporter.
 10544 | Gauntlet | Found a transporter.
 10641 | Gauntlet | Found a transporter.
 10790 | Gauntlet | Noticed a minotaur
 10827 | Gauntlet | HP: 3/109 [minotaur/staff of cold (8)]
 10841 | Gauntlet | Killed a minotaur
 11172 | D:10     | Noticed a two-headed ogre
 11180 | D:10     | Killed a two-headed ogre
 11262 | D:10     | Found a basalt altar of Yredelemnul.
 11359 | D:10     | Reached skill level 11 in Summonings
 11556 | D:10     | Identified the +1 scale mail of Uskayaw's Grace {rF+ rC+
                  | Str-2}
 11738 | D:10     | Noticed a two-headed ogre
 11743 | D:10     | Killed a two-headed ogre
 11744 | D:10     | Reached skill level 10 in Dodging
 11744 | D:10     | Noticed a boulder beetle
 11770 | D:10     | Killed a boulder beetle
 12512 | D:3      | Found a one-way gate to the infinite horrors of the Abyss.
 12549 | D:3      | Killed ozzols's ghost
 12663 | Lair:1   | Entered Level 1 of the Lair of Beasts
 12676 | Lair:1   | Reached XP level 13. HP: 78/78 MP: 20/23
 13174 | Lair:1   | Found a runed translucent door.
 13174 | Lair:1   | Noticed MrIGI's ghost (novice TrFi)
 13204 | Lair:1   | Killed MrIGI's ghost
 13251 | Lair:1   | Reached ***** piety under Elyvilon
 14109 | Lair:2   | Identified the +4 ring mail of the Apprentice {SInv}
 14138 | Lair:1   | Identified a scroll of acquirement
 14147 | Lair:1   | Acquired 671 gold pieces
 14238 | D:6      | Bought a potion of brilliance for 48 gold pieces
 14238 | D:6      | Bought a potion of resistance for 120 gold pieces
 14238 | D:6      | Bought a potion of brilliance for 48 gold pieces
 14506 | Lair:2   | Noticed an eight-headed hydra
 14508 | Lair:2   | Pacified an eight-headed hydra
 14596 | Lair:2   | Noticed a fire dragon
 14616 | Lair:2   | Killed a fire dragon
 14871 | Lair:2   | Reached skill level 10 in Stealth
 15524 | Lair:3   | Found a hole to the Spider Nest.
 15561 | Lair:3   | Reached skill level 1 in Evocations
 16101 | Lair:3   | Noticed a catoblepas
 16115 | Lair:3   | Noticed a seven-headed hydra
 16117 | Lair:3   | Pacified a seven-headed hydra
 16118 | Lair:3   | Killed a catoblepas
 16165 | Lair:3   | Reached XP level 14. HP: 84/84 MP: 27/27
 16515 | Lair:3   | Found a staircase to the Shoals.
 16758 | Lair:4   | Reached skill level 10 in Invocations
 17312 | Lair:4   | Reached skill level 5 in Evocations
 17495 | Lair:4   | Found a viscous altar of Jiyva.
 17497 | Lair:4   | Reached ****** piety under Elyvilon
 17505 | Lair:4   | Found a staircase to the Slime Pits.
 17752 | Lair:5   | Entered Level 5 of the Lair of Beasts
 17811 | Lair:5   | Found a frozen archway.
 17843 | IceCv    | Entered an ice cave
 18342 | IceCv    | Noticed a quicksilver ooze
 18603 | IceCv    | Noticed a quicksilver ooze
 18612 | IceCv    | Killed a quicksilver ooze
 18648 | IceCv    | Noticed an azure jelly
 18657 | IceCv    | Found a viscous altar of Jiyva.
 18657 | IceCv    | Noticed an azure jelly
 18660 | IceCv    | Identified the +0 ice dragon scales "Nanoib" {Rampage rElec
                  | rF- rC++ Dex+3}
 18683 | IceCv    | Identified the amulet "Acwiv" {rC- Will+ Regen+ Slay+5}
 18702 | IceCv    | Fell from the grace of Elyvilon
 18702 | IceCv    | Became a worshipper of Jiyva Jybraeb the Shapeless
 19086 | D:4      | Fell from the grace of Jiyva
 19086 | D:4      | Became a worshipper of Zin the Law-Giver
 19086 | D:4      | Reached * piety under Zin
 19086 | D:4      | Reached ** piety under Zin
 19087 | D:4      | Donated 739 gold pieces to Zin
 19099 | D:4      | Reached *** piety under Zin
 19452 | Lair:5   | Reached skill level 10 in Fighting
 19508 | Lair:5   | Reached skill level 5 in Long Blades
 20037 | Lair:5   | Acquired 1201 gold pieces
 20040 | Lair:5   | Reached **** piety under Zin
 20040 | Lair:5   | Reached ***** piety under Zin
 20141 | Lair:5   | Gained mutation: Armour fits poorly on your strangely
                  | shaped body. [mutagenic glow]
 20213 | Lair:5   | Donated 940 gold pieces to Zin
 20290 | Lair:5   | Reached XP level 15. HP: 86/92 MP: 28/28
 20308 | Lair:5   | Reached skill level 12 in Summonings
 20437 | Lair:5   | Noticed a quicksilver ooze
 20778 | Lair:5   | Reached skill level 10 in Evocations
 20966 | Lair:5   | Noticed a rockslime
 20972 | Lair:5   | Paralysed by a floating eye for 4 turns
 21372 | D:11     | Reached ****** piety under Zin
 21378 | D:11     | Lost mutation: Armour fits poorly on your strangely shaped
                  | body. [potion of mutation]
 22167 | D:12     | Was forgiven by Jiyva
 22705 | D:12     | Reached skill level 13 in Summonings
 22848 | D:12     | Found a staircase to the Orcish Mines.
 23228 | Orc:1    | Entered Level 1 of the Orcish Mines
 23555 | Orc:1    | Found Exousiev's Book Shop.
 23561 | Orc:1    | Bought a book of Beasts for 456 gold pieces
 23743 | Orc:1    | Bought a book of Chaos for 600 gold pieces
 23743 | Orc:1    | Bought a book of Iron for 432 gold pieces
 23751 | Orc:1    | Learned a level 7 spell: Monstrous Menagerie
 23757 | Orc:1    | Learned a level 5 spell: Summon Mana Viper
 23762 | Orc:1    | Learned a level 4 spell: Summon Ice Beast
 23766 | Orc:2    | Entered Level 2 of the Orcish Mines
 23803 | Orc:2    | Reached skill level 5 in Air Magic
 23971 | Orc:2    | Found a staircase to the Elven Halls.
 24514 | Orc:2    | Noticed an orc warlord
 24521 | Orc:2    | Found Fyaseves's Magic Scroll Boutique.
 24536 | Orc:2    | Bought a scroll of enchant armour for 97 gold pieces
 24536 | Orc:2    | Bought a scroll of enchant weapon for 97 gold pieces
 24536 | Orc:2    | Bought a scroll of identify for 26 gold pieces
 24536 | Orc:2    | Bought a scroll of identify for 26 gold pieces
 24536 | Orc:2    | Bought a scroll of teleportation for 39 gold pieces
 24536 | Orc:2    | Bought a scroll of teleportation for 39 gold pieces
 24538 | Orc:2    | Bought a scroll of identify for 26 gold pieces
 24624 | Orc:2    | Reached XP level 16. HP: 97/97 MP: 22/29
 24907 | Orc:2    | Found Uwev's Armour Emporium.
 24936 | Orc:2    | Found Zical's Book Shop.
 24936 | Orc:2    | Found Ofrao's Armour Shop.
 25184 | Orc:2    | Bought a +0 helmet of see invisible for 138 gold pieces
 25821 | D:13     | Found a gate to the Vaults.
 26272 | D:13     | Reached skill level 5 in Hexes
 26828 | D:14     | Reached skill level 14 in Summonings
 27060 | D:14     | Found a runed translucent gate.
 27060 | D:14     | Found a runed translucent gate.
 27062 | D:14     | Found a runed translucent gate.
 27063 | D:14     | Found an ancient bone altar of Kikubaaqudgha.
 27063 | D:14     | Noticed a lich
 27064 | D:14     | Noticed ababab's ghost (journeyman FeEn)
 27064 | D:14     | Noticed a lich
 27065 | D:14     | Noticed a lich
 27065 | D:14     | Noticed 12user21's ghost (journeyman HOFi)
 27473 | D:15     | Entered Level 15 of the Dungeon
 28138 | D:15     | Found a hide-covered altar of Uskayaw.
 28678 | D:15     | Found a staircase to the Depths.
 29345 | Spider:1 | Entered Level 1 of the Spider Nest
 29430 | Spider:1 | Reached XP level 17. HP: 102/102 MP: 25/30
 29514 | Spider:1 | Got Reedghev's Compilation of Blasted Resurrection
 30173 | Spider:1 | Reached skill level 15 in Summonings
 30639 | Spider:2 | Slain by a pharaoh ant

Illustrated notes

Levels and vault maps discovered:
D:1:      minmay_arrival_widening_spiral_wide, layout_loops_ring,
          serial_bayou_pond_c, chequers_serial_rivers_micro_c
D:2:      layout_rooms, ebering_ecumenical_altar_abandoned
D:3:      layout_loops_ring, grunt_temple_overflow_open,
          chequers_temple_overflow_minitemple, gammafunk_ghost_abyssal_escape
D:4:      layout_rooms, grunt_temple_overflow_order_and_chaos_2,
          nicolae_vehumet_altar_sigil, tgw_trog, gammafunk_ghost_arena
D:5:      layout_basic, chequers_serial_rivers_marsh, uniq_blork_the_orc,
          uniq_pikel, uniq_crazy_yiuf_cottage
D:6:      layout_loops_ring, nicolae_sif_muna_little_library,
          minmay_temple_entry_hall, serial_shops, shop, nrook_mini_vaults,
          uniq_sigmund
D:7:      layout_cave_pools, hellmonk_ghost_happy_afterlife, serial_shops, shop,
          nicolae_diamond_shop, nicolae_shop_crystal, minmay_joined_circles
D:8:      layout_rooms, lair_entry_dummy, uniq_grum, uniq_erica
D:9:      layout_rooms
D:10:     layout_loops_corners, mainiacjoe_overflow_cross_hatched,
          kennysheep_minor_cross, minmay_starry_boxes
D:11:     layout_irregular_city, gauntlet_entry_generic, okawaru_humans,
          uniq_josephine
D:12:     layout_stronghold, kennysheep_orc_monster_closet_entryway
D:13:     layout_stronghold, david_vaults_1, minmay_lizard_king
D:14:     layout_basic, gammafunk_ghost_crypt
D:15:     grunt_enter_depths_magical_seal, layout_gridville,
          grunt_decor_mini_mirrors, nicolae_uskayaw_murder_on_the_dancefloor
Temple:   minmay_temple_curvy_loop
Lair:1:   layout_cave_pods, gammafunk_ghost_grave, infiniplex_staircase_pool,
          lemuel_fruit_fields, serial_bayou_shore_a
Lair:2:   dragon1_lemuel, layout_gridlike, st_stairs_13, grunt_megastairs_4
Lair:3:   layout_roguey, elwin_shoals_entry_rooms, spider_nest_entry_web_field
Lair:4:   layout_regular_city, nicolae_slime_entry_field_trip
Lair:5:   evilmike_catoblepas_cave, layout_small_grid, portal_ice_cave_rime
Spider:1: layout_spider_delve, nicolae_spider_swamp_cousins
Spider:2: layout_spider_delve, drop_trap, guppyfry_spider_mini_1
Orc:1:    layout_diamond_mine, serial_shops, shop, basic_altar
Orc:2:    hellmonk_orc_salted, layout_diamond_mine, basic_altar

Skill      XL: |  1  2  3  4  5  6  7  8  9 10 11 12 13 14 15 16 17 |
---------------+----------------------------------------------------+-----
Stealth        | 3 4 5 6 10 12 | 12.0
Fighting       | 1 2 3 5 6 8 10 | 10.3
Short Blades   | 1 2 3 6 7 |  7.7
Summonings     | 5 8 10 11 13 14 15 | 15.0
Dodging        | 4 5 7 8 10 11 12 | 12.7
Spellcasting   | 3 4 6 7 9 |  9.0
Invocations    | 1 4 5 6 9 10 | 10.8
Hexes          | 1 2 3 5 |  5.0
Air Magic      | 3 5 |  5.0
Long Blades    | 3 4 5 7 9 |  9.4
Evocations     | 3 8 10 | 10.0

Action                     |  1- 3 |  4- 6 |  7- 9 | 10-12 | 13-15 | 16-18 || total
---------------------------+-------+-------+-------+-------+-------+-------++-------
  Melee: Short sword       |    74 |   119 |    15 |    22 |       |       ||   230
         Unarmed           |     4 |       |       |       |       |       ||     4
         Falchion          |       |       |   139 |    91 |     9 |    32 ||   271
         Punch             |       |       |     2 |     4 |    10 |     6 ||    22
         Scimitar          |       |       |       |   206 |   826 |   366 ||  1398
         Staff             |       |       |       |       |    10 |       ||    10
   Fire: Sling             |       |    11 |       |       |       |       ||    11
  Throw: Dart              |       |     2 |     2 |       |     1 |       ||     5
   Cast: Summon Small Mamm |    10 |    40 |    24 |    42 |    15 |       ||   131
         Call Imp          |     5 |     6 |       |       |       |       ||    11
         Call Canine Famil |       |       |    11 |    38 |    38 |    27 ||   114
         Summon Lightning  |       |       |       |    31 |    55 |    43 ||   129
         Summon Guardian G |       |       |       |    11 |    18 |    13 ||    42
         Summon Ice Beast  |       |       |       |       |     4 |    21 ||    25
         Summon Mana Viper |       |       |       |       |       |     8 ||     8
 Invoke: Purification      |       |       |     1 |     4 |       |       ||     5
         Heal Other        |       |       |       |     2 |     7 |       ||     9
         Heal Self         |       |       |       |     5 |     2 |       ||     7
         Donate Gold       |       |       |       |       |     2 |       ||     2
         Recite            |       |       |       |       |     6 |    15 ||    21
         Vitalisation      |       |       |       |       |     4 |     8 ||    12
         Imprison          |       |       |       |       |       |     2 ||     2
         Sanctuary         |       |       |       |       |       |     2 ||     2
  Evoke: Wand              |       |       |       |     6 |     4 |     3 ||    13
         Phial of floods   |       |       |       |       |       |     1 ||     1
    Use: Scroll            |       |     5 |     3 |    12 |    22 |     6 ||    48
         Potion            |       |       |     1 |     6 |    12 |     2 ||    21
   Stab: Sleeping          |    19 |    11 |    13 |     2 |    39 |    23 ||   107
         Distracted        |     1 |     2 |       |     7 |    24 |    18 ||    52
         Confused          |       |       |       |       |     3 |     4 ||     7
         Paralysed         |       |       |       |       |     1 |     1 ||     2
 Armour: Robe              |     6 |    14 |    19 |    89 |   124 |    67 ||   319
         Ice dragon scales |       |       |       |       |    15 |       ||    15
         Skin              |       |       |       |       |     8 |       ||     8
  Dodge: Dodged            |    34 |    86 |   101 |   409 |  1021 |   485 ||  2136
